 Dungeon Crawl Stone Soup version 0.29.1-12-g30fa7ad0bf (webtiles) character file.

Game seed: 14654678427674040995

1702 booth the Chiller (level 9, -1/62 (67) HPs)
             Began as a Gnoll Wanderer on Jan 16, 2023.
             Was a Priest of Makhleb.
             Slain by a wight
             ... wielding a +3 battleaxe
              (5 damage)
             ... on level 6 of the Dungeon on Jan 17, 2023.
             The game lasted 01:21:22 (7847 turns).

booth the Chiller (Gnoll Wanderer)                  Turns: 7847, Time: 01:21:23

HP:   -1/62 (67)    AC: 13    Str:  8      XL:     9   Next: 3%
MP:   11/16         EV: 16    Int: 20 (22) God:    Makhleb [***...]
Gold: 337           SH:  5    Dex:  9 (12) Spells: 2/17 levels left

rFire   . . .      SeeInvis .   e - +2 short sword (venom)
rCold   + . .      Faith    .   d - +1 buckler
rNeg    . . .      Spirit   .   b - +2 robe "Etzyed" {Str-2 Int+5 Slay+3}
rPois   .          Reflect  .   (no helmet)
rElec   .          Harm     .   (no cloak)
rCorr   .          Rampage  .   (no gloves)
Will    .....                   p - +1 pair of boots
Stlth   ++........              (no amulet)
HPRegen 0.20/turn               r - ring of protection from cold
MPRegen 0.15/turn               w - +4 ring of evasion

@: ice-armoured, drained
A: fangs 1, strong nose, distributed training
a: Renounce Religion, Minor Destruction, Lesser Servant of Makhleb


You were on level 6 of the Dungeon.
You worshipped Makhleb.
Makhleb was most pleased with you.
You visited 1 branch of the dungeon, and saw 6 of its levels.

You collected 337 gold pieces.

Inventory:

Hand Weapons
 e - a +2 short sword of venom (weapon)
 f - a +0 short sword of speed
 g - a +2 mace of draining
 s - a +4 dagger
 u - a +1 mace of venom
 G - a +3 long sword of freezing
Missiles
 k - 4 javelins (quivered)
 m - 5 poisoned darts
 x - 6 boomerangs
Armour
 a - a +0 tower shield
 b - the +2 robe "Etzyed" (worn) {Str-2 Int+5 Slay+3}
   (You found it on level 6 of the Dungeon)

   Str:       It affects your strength (-2).
   Int:       It affects your intelligence (+5).
   Slay:      It affects your accuracy & damage with ranged weapons and melee
   (+3).
 c - a +0 robe
 d - a +1 buckler (worn)
 j - a +0 leather armour
 p - a +1 pair of boots (worn)
Magical Staves
 B - a staff of conjuration
Jewellery
 r - a ring of protection from cold (left hand)
 w - a +4 ring of evasion (right hand)
 E - a ring of protection from cold
Scrolls
 i - 3 scrolls of butterflies
 o - 3 scrolls of teleportation
 q - 2 scrolls of poison
 v - a scroll of identify
 C - a scroll of fear
 D - a scroll of acquirement {unknown}
 F - a scroll of vulnerability
Potions
 h - a potion of flight
 l - a potion of magic
 n - a potion of curing
 t - a potion of lignification


   Skills:
 + Level 4.8 Fighting
 + Level 3.9 Short Blades
 + Level 3.9 Long Blades
 + Level 3.9 Axes
 + Level 3.9 Maces & Flails
 + Level 3.9 Polearms
 + Level 3.9 Staves
 + Level 3.9 Ranged Weapons
 + Level 3.9 Throwing
 + Level 3.9 Armour
 + Level 4.8 Dodging
 + Level 4.6 Stealth
 + Level 4.8 Shields
 + Level 3.9 Unarmed Combat
 + Level 4.9 Spellcasting
 + Level 3.2 Conjurations
 + Level 3.2 Hexes
 + Level 3.2 Summonings
 + Level 3.2 Necromancy
 + Level 3.2 Translocations
 + Level 3.2 Transmutations
 + Level 3.2 Fire Magic
 + Level 6.4 Ice Magic
 + Level 3.2 Air Magic
 + Level 5.0 Earth Magic
 + Level 3.2 Poison Magic
 + Level 4.3 Invocations
 + Level 3.9 Evocations


You had 2 spell levels left.
You knew the following spells:

 Your Spells              Type           Power      Damage    Failure   Level
a - Freeze                Ice            100%       1d11      1%          1
b - Sandblast             Erth           50%        2d12      1%          1
c - Ensorcelled Hibernat  Hex/Ice        48%        N/A       3%          2
d - Frozen Ramparts       Ice            60%        1d10      3%          3
e - Stone Arrow           Conj/Erth      42%        3d9       9%          3
f - Ozocubu's Armour      Ice            30%        N/A       3%          3
g - Scorch                Fire           34%        2d6       6%          2

Your spell library contained the following spells:

 Spells                   Type           Power      Damage    Failure   Level
 Sublimation of Blood     Necr           17%        N/A       6%          2
 Petrify                  Tmut/Erth      21%        N/A       26%         4
 Flame Wave               Conj/Fire      17%        2d7       36%         4
 Olgreb's Toxic Radiance  Pois           17%        N/A       36%         4
 Summon Lightning Spire   Summ/Air       17%        N/A       36%         4
 Metabolic Englaciation   Hex/Ice        12%        N/A       50%         5
 Fireball                 Conj/Fire      8%         3d6       73%         5
 Irradiate                Conj/Tmut      8%         3d14      73%         5
 Iskenderun's Battlesphe  Conj           17%        2d7       73%         5
 Simulacrum               Ice/Necr       12%        N/A       97%         6
 Conjure Ball Lightning   Conj/Air       8%         3x3d6     99%         6
 Summon Cactus Giant      Summ           8%         N/A       99%         6
 Orb of Destruction       Conj           8%         9d6       100%        7
 Ozocubu's Refrigeration  Ice            15%        4d10      100%        7
 Storm Form               Tmut/Air       8%         N/A       100%        7
 Ignition                 Fire           8%         3d5       100%        8
 Maxwell's Capacitive Co  Air            8%         ∞         100%        8


Dungeon Overview and Level Annotations

Branches:
Dungeon (6/15)
 Temple: D:4-7

Altars:
Dithmenos
Gozag
Kikubaaqudgha
Makhleb
Vehumet
Xom
Yredelemnul
Zin

Shops:
D:3 **   D:4 (:?   D:5 [:*


Innate Abilities, Weirdness & Mutations

You have very sharp teeth.
Your uncanny sense of smell can sniff out nearby items.
Your experience applies equally to all skills.


Message History

Casting: Sandblast (safe; 1% risk of failure)
Confirm with . or Enter, or press ? or * to list all spells.
Aiming: Sandblast (safe; 1% risk of failure)
Press: ? - help, Shift-Dir - straight line, f - wight
Aim: a wight, wielding a +3 battleaxe and wearing a +0 robe (lightly damaged, 83% to hit)
The blast of sand hits the wight but does no damage.
The wight is lightly damaged.
The wight hits you with a +3 battleaxe!
* * * LOW HITPOINT WARNING * * *
You feel drained.
* * * LOW HITPOINT WARNING * * *
You feel better. The wight closely misses you.
You hit the wight. Your bite misses the wight.
The wight is heavily damaged.
The wight hits you with a +3 battleaxe!
* * * LOW HITPOINT WARNING * * *
You feel drained.
* * * LOW HITPOINT WARNING * * *
Your icy armour will break if you move.
Continue?
Okay, then.
Casting: Sandblast (safe; 1% risk of failure)
Confirm with . or Enter, or press ? or * to list all spells.
Aiming: Sandblast (safe; 1% risk of failure)
Press: ? - help, Shift-Dir - straight line, f/p - wight
Aim: a wight, wielding a +3 battleaxe and wearing a +0 robe (heavily damaged, 83% to hit)
The blast of sand misses the wight.
The wight hits you with a +3 battleaxe.
* * * LOW HITPOINT WARNING * * *
You block the wight's attack.
Casting: Sandblast (safe; 1% risk of failure)
Confirm with . or Enter, or press ? or * to list all spells.
Aiming: Sandblast (safe; 1% risk of failure)
Press: ? - help, Shift-Dir - straight line, f/p - wight
Aim: a wight, wielding a +3 battleaxe and wearing a +0 robe (heavily damaged, 83% to hit)
The blast of sand hits the wight.
The wight is severely damaged.
The wight hits you but does no damage.
You closely miss the wight.
The wight is severely damaged.
The wight hits you with a +3 battleaxe.
You die...

## .. #. ####### ###
#.##.....######..
#.#.......#...#.#
#....<....#.##.# .z
#.8.....8....#@# ..
###............#z# z.
...)..8.8......#.# ..
###)..........##'#+######
.. #
#.8.....8..........z...
#.. #
#....>.....#...........
#.. #
##.......#.#......z...z
.. #
##.....##............. .#
# ###########.......... #


You could see a wight.

Vanquished Creatures
  An ice beast (D:4)
  An orc warrior (D:6)
  3 black bears (D:6)
  2 ogres (D:5)
  A gnoll sergeant (D:6)
  A scorpion (D:5)
  4 wights (D:6)
  A crimson imp (D:3)
  3 orc priests
  3 hounds
  A gnoll bouda (D:5)
  6 iguanas
  3 orc wizards
  13 gnolls
  5 adders
  3 ufetubi
  A worm (D:3)
  4 dart slugs
  21 orcs
  7 ball pythons
  3 endoplasms
  4 giant cockroaches
  2 goblins
  11 hobgoblins
  A quokka (D:2)
  8 bats
  4 frilled lizards
  9 kobolds
  4 rats
130 creatures vanquished.

Vanquished Creatures (others)
  A human (D:4)
1 creature vanquished.

Grand Total: 131 creatures vanquished

Notes
Turn   | Place    | Note
-------+----------+-------------------------------------------
     0 | D:1      | booth the Gnoll Wanderer began the quest for the Orb.
     0 | D:1      | booth set off with the following items: a +0 dagger, a
                  | potion of might, a +0 robe, a +0 buckler; and the following
                  | spells available to memorise: Freeze, Sandblast, Frozen
                  | Ramparts, Ensorcelled Hibernation, Stone Arrow.
     0 | D:1      | Reached XP level 1. HP: 17/17 MP: 4/4
     2 | D:1      | Learned a level 1 spell: Freeze
     4 | D:1      | Learned a level 1 spell: Sandblast
   244 | D:1      | Reached XP level 2. HP: 15/23 MP: 1/5
   783 | D:1      | Learned a level 2 spell: Ensorcelled Hibernation
   929 | D:1      | Found a faded altar of an unknown god.
   936 | D:1      | Reached XP level 3. HP: 28/28 MP: 5/7
   976 | D:1      | Prayed at the altar of an unknown god.
   976 | D:1      | Became a worshipper of Makhleb the Destroyer
   976 | D:1      | Reached * piety under Makhleb
  1353 | D:2      | Reached skill level 1 in Invocations
  1689 | D:2      | Learned a level 3 spell: Frozen Ramparts
  1859 | D:3      | Found a radiant altar of Vehumet.
  1869 | D:3      | Found a shadowy altar of Dithmenos.
  1965 | D:3      | Reached skill level 1 in Short Blades
  1965 | D:3      | Reached skill level 1 in Long Blades
  1965 | D:3      | Reached skill level 1 in Axes
  1965 | D:3      | Reached skill level 1 in Maces & Flails
  1965 | D:3      | Reached skill level 1 in Polearms
  1965 | D:3      | Reached skill level 1 in Staves
  1965 | D:3      | Reached skill level 1 in Ranged Weapons
  1965 | D:3      | Reached skill level 1 in Throwing
  1965 | D:3      | Reached skill level 1 in Armour
  1965 | D:3      | Reached skill level 1 in Unarmed Combat
  1965 | D:3      | Reached skill level 1 in Evocations
  2187 | D:3      | Found Zin's Purification Station.
  2197 | D:3      | Found a glowing silver altar of Zin.
  2220 | D:3      | Reached ** piety under Makhleb
  2227 | D:3      | Reached skill level 1 in Conjurations
  2227 | D:3      | Reached skill level 1 in Hexes
  2227 | D:3      | Reached skill level 1 in Summonings
  2227 | D:3      | Reached skill level 1 in Necromancy
  2227 | D:3      | Reached skill level 1 in Translocations
  2227 | D:3      | Reached skill level 1 in Transmutations
  2227 | D:3      | Reached skill level 1 in Fire Magic
  2227 | D:3      | Reached skill level 1 in Air Magic
  2227 | D:3      | Reached skill level 1 in Poison Magic
  2227 | D:3      | Reached XP level 4. HP: 34/34 MP: 5/8
  2390 | D:3      | Found Zuehusir's Assorted Antiques.
  2505 | D:3      | Found a burning altar of Makhleb.
  2505 | D:3      | Found a shimmering altar of Xom.
  2510 | D:3      | Reached XP level 5. HP: 40/40 MP: 6/9
  2890 | D:3      | Learned a level 3 spell: Stone Arrow
  3038 | D:4      | Found Joupoecy's Book Boutique.
  3113 | D:4      | Found Xoynanon's Weapon Shop.
  3179 | D:4      | Found an ancient bone altar of Kikubaaqudgha.
  3201 | D:4      | Noticed a human
  3202 | D:4      | Killed a human
  3225 | D:4      | Noticed an ice beast
  3242 | D:4      | Killed an ice beast
  3243 | D:4      | Reached XP level 6. HP: 43/47 MP: 5/11
  3618 | D:4      | Found Pyoxzis's Magic Scroll Boutique.
  4195 | D:5      | Entered Level 5 of the Dungeon
  4412 | D:5      | Reached XP level 7. HP: 25/52 MP: 8/12
  4422 | D:5      | Learned a level 3 spell: Ozocubu's Armour
  4840 | D:5      | Found Okah's General Store.
  4929 | D:5      | Found Dudenk's Book Boutique.
  5016 | D:5      | Found a basalt altar of Yredelemnul.
  5042 | D:5      | Found Viule's Armour Shoppe.
  5198 | D:5      | Reached skill level 6 in Ice Magic
  5210 | D:5      | Found an opulent altar of Gozag.
  5386 | D:5      | Reached XP level 8. HP: 60/60 MP: 11/14
  6181 | D:6      | Reached *** piety under Makhleb
  7039 | D:6      | Identified the +2 robe "Etzyed" {Str-2 Int+5 Slay+3}
  7452 | D:6      | Reached skill level 5 in Earth Magic
  7467 | D:6      | Learned a level 2 spell: Scorch
  7603 | D:6      | Reached XP level 9. HP: 29/66 MP: 16/16
  7847 | D:6      | Slain by a wight

Illustrated notes

Levels and vault maps discovered:
D:1:      arrival_zaba_pyramid, layout_rooms, basic_ecumenical_altar,
          minmay_unequal
D:2:      layout_basic
D:3:      layout_loops_corners, grunt_temple_overflow_champion_of_chaos,
          nicolae_overflow_hidden_temple, zin_purify,
          mainiacjoe_overflow_surrounded_room, serial_shops,
          nicolae_diamond_shop, nrook_mini_backslash
D:4:      layout_gridville, tgw_kikubaaqudgha, serial_shops,
          nicolae_stop_n_shop_1, nicolae_shop_temple_entry_statues_fountains,
          kennysheep_mini, hangedman_decor_peaks_small, kennysheep_boxes
D:5:      layout_loops_cross, mainiacjoe_overflow_large_starburst, serial_shops,
          shop, shop, shop, kennysheep_cross_bottleneck,
          minmay_stone_trees_medium
D:6:      layout_basic, grunt_ministairs_10

Skill      XL: |  1  2  3  4  5  6  7  8 |
---------------+-------------------------+-----
Invocations    | 1 2 3 4 |  4.3
Short Blades   | 1 2 3 |  3.9
Long Blades    | 1 2 3 |  3.9
Axes           | 1 2 3 |  3.9
Maces & Flails | 1 2 3 |  3.9
Polearms       | 1 2 3 |  3.9
Staves         | 1 2 3 |  3.9
Ranged Weapons | 1 2 3 |  3.9
Throwing       | 1 2 3 |  3.9
Armour         | 1 2 3 |  3.9
Unarmed Combat | 1 2 3 |  3.9
Evocations     | 1 2 3 |  3.9
Spellcasting   | 3 4 |  4.9
Conjurations   | 1 2 3 |  3.2
Hexes          | 1 2 3 |  3.2
Summonings     | 1 2 3 |  3.2
Necromancy     | 1 2 3 |  3.2
Translocations | 1 2 3 |  3.2
Transmutations | 1 2 3 |  3.2
Fire Magic     | 1 2 3 |  3.2
Air Magic      | 1 2 3 |  3.2
Poison Magic   | 1 2 3 |  3.2
Fighting       | 3 4 |  4.8
Dodging        | 3 4 |  4.8
Shields        | 3 4 |  4.8
Earth Magic    | 4 5 |  5.0
Stealth        | 3 4 |  4.6
Ice Magic      | 6 |  6.4

Action                   |  1- 3 |  4- 6 |  7- 9 || total
-------------------------+-------+-------+-------++-------
Melee: Dagger            |    15 |    12 |    36 ||    63
       Bite              |     2 |     8 |    12 ||    22
       Short sword       |       |    31 |    82 ||   113
       Staff             |       |       |     3 ||     3
Throw: Javelin           |       |     7 |    12 ||    19
       Dart              |       |     3 |     4 ||     7
 Cast: Freeze            |    33 |    22 |    43 ||    98
       Sandblast         |    27 |    23 |    44 ||    94
       Ensorcelled Hiber |       |     2 |       ||     2
       Ozocubu's Armour  |       |       |     4 ||     4
       Frozen Ramparts   |       |       |     1 ||     1
Invok: Minor Destruction |       |       |     1 ||     1
       Lesser Servant of |       |       |     1 ||     1
  Use: Scroll            |     7 |     2 |     6 ||    15
       Potion            |     1 |     1 |     5 ||     7
 Stab: Distracted        |       |     2 |       ||     2
       Sleeping          |       |     1 |       ||     1
Armor: Robe              |     7 |     8 |    19 ||    34
Dodge: Dodged            |    21 |    26 |   130 ||   177
Block: Buckler           |     6 |     8 |    33 ||    47
